 Dungeon Crawl Stone Soup version 0.29-a0-483-g69413ace17 (webtiles) character file.

Game seed: 582698194309558019

43 testman the Sneak (level 3, -4/19 HPs)
             Began as a Kobold Enchanter on May 25, 2022.
             Slain by a gnoll
             ... wielding a +0 whip
              (8 damage)
             ... on level 2 of the Dungeon.
             The game lasted 00:07:21 (1491 turns).

testman the Sneak (Kobold Enchanter)                Turns: 1491, Time: 00:07:22

Health: -4/19      AC:  3    Str:  5    XL:     3   Next: 82%
Magic:  2/6        EV: 15    Int: 18    God:
Gold:   128        SH:  0    Dex: 15    Spells: 4/6 levels left

rFire   . . .      SeeInvis .   a - +1 dagger
rCold   . . .      Faith    .   (no shield)
rNeg    . . .      Spirit   .   b - +0 robe
rPois   .          Reflect  .   f - +0 helmet
rElec   .          Harm     .   (no cloak)
rCorr   .          Rampage  .   (no gloves)
Will    .....                   (no boots)
Stlth   ++++......              (no amulet)
HPRegen 0.06/turn               (no ring)
MPRegen 0.10/turn               (no ring)

@: no status effects
A: small, no large weapons, nightstalker 3
a: no special abilities


You were on level 2 of the Dungeon.
You visited 1 branch of the dungeon, and saw 2 of its levels.

You collected 128 gold pieces.

Inventory:

Hand Weapons
 a - a +1 dagger (weapon)
Missiles
 e - 91 stones (quivered)
Armour
 b - a +0 robe (worn)
 f - a +0 helmet (worn)
Scrolls
 d - a scroll of fear {unknown}
 h - 2 scrolls of identify {unknown}
 i - 2 scrolls of torment {unknown}
 j - a scroll of poison {unknown}
 k - a scroll of immolation {unknown}
 m - a scroll of teleportation {unknown}
 n - a scroll of amnesia {unknown}
Potions
 c - a potion of invisibility
 g - a potion of degeneration {unknown}
 l - a potion of lignification {unknown}
 o - a potion of berserk rage {unknown}
 p - a potion of brilliance {unknown}
 q - a potion of heal wounds {unknown}
 r - a potion of flight {unknown}


   Skills:
 - Level 3.0 Short Blades
 - Level 2.4 Dodging
 - Level 4.0 Stealth
 - Level 2.1 Spellcasting
 + Level 3.7 Hexes
 - Level 1.0 Ice Magic


You had 4 spell levels left.
You knew the following spells:

 Your Spells              Type           Power      Damage    Failure   Level
a - Ensorcelled Hibernat  Hex/Ice        20%        N/A       10%         2

Your spell library contained the following spells:

 Spells                   Type           Power      Damage    Failure   Level
 Confusing Touch          Hex            15%        N/A       12%         3
 Tukima's Dance           Hex            15%        N/A       12%         3
 Dazzling Flash           Conj/Hex       16%        N/A       24%         3


Dungeon Overview and Level Annotations

Branches:
Dungeon (2/15)

Altars:


Innate Abilities, Weirdness & Mutations

You are small and have problems with some larger weapons.
You are completely attuned to the shadows.


Message History

You are frozen.
You hit the endoplasm.
The endoplasm is severely wounded.
The endoplasm closely misses you.
You hit the endoplasm.
The endoplasm is almost dead.
You hit the endoplasm.
You kill the endoplasm!
No target in view!
You start resting.
HP restored.
The gnoll shouts! x3
Casting: Ensorcelled Hibernation (safe; 10% risk of failure)
Confirm with . or Enter, or press ? or * to list all spells.
Aiming: Ensorcelled Hibernation (safe; 10% risk of failure)
Press: ? - help, Shift-Dir - straight line, f - gnoll
Aim: a gnoll, wielding a +0 flail (chance to affect: 52%)
The gnoll looks drowsy...
You see here a +0 hand axe.
The gnoll shouts!
The gnoll hits you with a +0 flail. The gnoll closely misses you.
Casting: Ensorcelled Hibernation (safe; 10% risk of failure)
Confirm with . or Enter, or press ? or * to list all spells.
Aiming: Ensorcelled Hibernation (safe; 10% risk of failure)
Press: ? - help, Shift-Dir - straight line, f - gnoll, p - gnoll
Aim: a gnoll, wielding a +0 spear (chance to affect: 52%)
The gnoll is unaffected.
The gnoll barely misses you. The gnoll closely misses you.
You hit the gnoll.
The gnoll is moderately wounded.
The gnoll hits you from afar with a +0 spear.
You hit the gnoll but do no damage.
The gnoll hits you from afar with a +0 spear.
You completely miss the gnoll.
The gnoll hits you from afar with a +0 spear.
The gnoll hits you with a +0 whip.
* * * LOW HITPOINT WARNING * * *
You see here a +0 hand axe.
The gnoll attacks as you move away! The gnoll hits you with a +0 whip!
You die...

.....##.....#
......####### ........##
##########
.........####...##...#
.....##...............
...###................ ..
###................
...#......>...........
..g.g@................
.....g########.#...##...#
...... #..######### #....
#..........# #.#.# .#####
#..........# #.#.#
.....###..........#
##...######..##..........#
#.........##.............#
#.........#####..........#


You could see 3 gnolls.

Vanquished Creatures
  2 worms (D:2)
  2 dart slugs
  3 ball pythons
  3 bats
  4 endoplasms
  A giant cockroach (D:2)
  4 goblins (D:1)
  2 hobgoblins
  A quokka (D:1)
  2 frilled lizards (D:2)
  3 kobolds
  2 rats (D:2)
29 creatures vanquished.

Notes
Turn   | Place    | Note
-------+----------+-------------------------------------------
     0 | D:1      | testman the Kobold Enchanter began the quest for the Orb.
     0 | D:1      | Reached XP level 1. HP: 10/10 MP: 3/3
   108 | D:1      | You fall into a shaft and drop 1 floor!
   140 | D:2      | Reached XP level 2. HP: 7/15 MP: 5/5
   171 | D:2      | Learned a level 2 spell: Ensorcelled Hibernation
   395 | D:2      | Reached XP level 3. HP: 19/19 MP: 6/6
   835 | D:1      | Reached skill level 1 in Ice Magic
  1491 | D:2      | Slain by a gnoll

Illustrated notes

Levels and vault maps discovered:
D:1:      sevenhm_arrival_forest_fort_small_3, layout_basic
D:2:      layout_rooms

Skill      XL: |  1  2  3 |
---------------+----------+-----
Short Blades   | 2 3 |  3.0
Ice Magic      | 1 |  1.0
Dodging        | |  2.4
Stealth        | |  4.0
Spellcasting   | |  2.1
Hexes          | |  3.7

Action                   || total
-------------------------++-------
Melee: Dagger            ||    66
       Punch             ||     1
 Cast: Ensorcelled Hiber ||     2
  Use: Potion            ||     1
 Stab: Sleeping          ||    15
Armor: Robe              ||     8
Dodge: Dodged            ||    34

Table legend: (Time is in decaauts)
 A = Elapsed time spent in this place.
 B = Non-inter-level travel time spent in this place.
 C = Inter-level travel time spent in this place.
 D = Time resting spent in this place.
 E = Time spent auto-exploring this place.
 F = Levels seen in this place.
 G = Mean time per level.
                   A        B        C        D        E       F      G
               +--------+--------+--------+--------+--------+-----+--------+
         Total |   1484 |   1372 |    112 |    250 |    787 |   2 |  742.0 |
       Dungeon |   1484 |   1372 |    112 |    250 |    787 |   2 |  742.0 |
               +--------+--------+--------+--------+--------+-----+--------+

Top non-repeatable levels by time:
     D:1: 885 daAuts
     D:2: 599 daAuts
